 Dungeon Crawl Stone Soup version 0.31-a0-703-gcfe89afef6 (webtiles) character file.

Game seed: 8198756891920829438

4411 Aneyh the Spear-Bearer (level 10, -10/64 HPs)
             Began as a Tengu Monk on Sept 8, 2023.
             Killed from afar by Erica (28 damage)
             ... with a bolt of poison
             ... on level 10 of the Dungeon on Sept 9, 2023.
             The game lasted 00:24:20 (9257 turns).

Aneyh the Spear-Bearer (Tengu Monk)                 Turns: 9257, Time: 00:24:22

Health: -10/64     AC:  8    Str: 16    XL:     10   Next: 36%
Magic:  11/11      EV: 20    Int: 11    God:
Gold:   644        SH:  0    Dex: 16    Spells: 9/9 levels left

rFire   . . .        I - +2 trident (heavy)
rCold   . . .        (no shield)
rNeg    + + .        B - +3 leather armour {rN+}
rPois   .            i - +0 hat
rElec   .            (no cloak)
rCorr   .            h - +0 pair of gloves
SInv    .            (boots unavailable)
Will    +....        (no amulet)
Stlth   +            x - ring of willpower
HPRegen 0.30/turn    C - ring of positive energy
MPRegen 0.12/turn

%: acrobat
@: lethally poisoned (-10 -> -21), flying, hasted, very quick
A: beak, talons 3, evasive flight, acrobatic
a: no special abilities


You were on level 10 of the Dungeon.
You visited 2 branches of the dungeon, and saw 11 of its levels.

You collected 644 gold pieces.

Inventory:

Hand Weapons
 s - a +0 arbalest
 E - a +2 hand axe of flaming
 I - a +2 heavy trident (weapon)
 J - a +0 halberd
 L - a +0 scimitar
 T - a +3 battleaxe
 U - a +0 great sword
 W - a +3 war axe
 X - a +1 long sword of freezing
 Y - a +2 trident
Missiles
 e - 39 poisoned darts
 w - 10 javelins (quivered)
 R - 3 boomerangs
Armour
 h - a +0 pair of gloves (worn)
 i - a +0 hat (worn)
 j - +0 steam dragon scales
 l - a +0 buckler
 B - a +3 leather armour of positive energy (worn)
 V - a +1 robe of fire resistance
Jewellery
 x - a ring of willpower (left hand)
 C - a ring of positive energy (right hand)
Wands
 b - a wand of mindburst (7)
 f - a wand of flame (35)
 A - a wand of charming (8)
 D - a wand of iceblast (18)
 H - a wand of acid (15)
Scrolls
 a - 2 scrolls of enchant armour
 g - 4 scrolls of fear
 k - 5 scrolls of brand weapon
 m - 2 scrolls of identify
 n - 3 scrolls of immolation
 p - a scroll of torment {unknown}
 q - 3 scrolls of teleportation
 t - a scroll of enchant weapon {unknown}
 u - 6 scrolls of noise
 v - 2 scrolls of blinking
 y - a scroll of poison {unknown}
Potions
 d - a potion of degeneration {unknown}
 o - 2 potions of brilliance
 r - 2 potions of magic
 z - a potion of heal wounds {unknown}
 F - a potion of invisibility {unknown}
 G - 3 potions of resistance {unknown}
 K - 3 potions of attraction {unknown}
 O - a potion of might {unknown}
 S - a potion of curing


   Skills:
 + Level 8.0 Fighting
 - Level 10.0 Polearms
 + Level 6.7 Armour
 + Level 8.7 Dodging


You had 9 spell levels left.
You didn't know any spells.
Your spell library contained the following spells:

 Spells                   Type           Power      Damage    Failure   Level
 Apportation              Tloc           0%         N/A       38%         1
 Kiss of Death            Conj/Necr      0%         2d5       38%         1
 Magic Dart               Conj           0%         1d3       38%         1
 Cigotuvi's Dreadful Rot  Necr/Pois/Air  0%         N/A       54%         2
 Jinxbite                 Hex            0%         N/A       54%         2
 Searing Ray              Conj           0%         2d4       54%         2
 Confusing Touch          Hex            0%         N/A       77%         3
 Frozen Ramparts          Ice            0%         1d1       77%         3
 Dispel Undead            Necr           0%         3d6       99%         4
 Fulminant Prism          Conj/Hex       0%         3d5       99%         4
 Petrify                  Tmut/Erth      0%         N/A       99%         4
 Alistair's Intoxication  Tmut/Pois      0%         N/A       100%        5
 Metabolic Englaciation   Hex/Ice        0%         N/A       100%        5
 Death Channel            Necr           0%         N/A       100%        6


Dungeon Overview and Level Annotations

Branches:
Dungeon (10/15)            Temple (1/1) D:6            Lair (0/5) D:8
    Orc: D:9-12

Altars:
Ashenzari
Cheibriados
Dithmenos
Elyvilon
Fedhas
Gozag
Kikubaaqudgha
Makhleb
Nemelex Xobeh
Okawaru
Qazlal
Ru
Sif Muna
Trog
Uskayaw
Vehumet
Wu Jian
Xom
Yredelemnul
Zin
The Shining One

Shops:
D:1 (   D:4 =   D:5 :

Annotations:
D:8 3 runed translucent doors, tizzy's ghost, novice DsFE
D:9 Jeremiah
D:10 Erica


Innate Abilities, Weirdness & Mutations

You have a beak for a mouth.
You have claws for feet.
Your magical flight helps you evade attacks. (EV +4)
You can magically evade attacks while moving or waiting.


Message History

You feel very sick.
Erica screams, "You'll never get it!"
You reach to attack!
You hit Erica but do no damage.
Erica is lightly wounded.
You feel very sick.
You are too injured to fight recklessly!
You are too injured to fight recklessly!
You are too injured to fight recklessly!
You hit Erica. Your kick misses Erica.
Erica is lightly wounded.
You feel sick.
Erica points at you and mumbles some strange words.
The bolt of poison misses you.
You impale Erica!! You claw Erica.
Erica is heavily wounded.
You feel sick.
Erica hits you with a +1 scimitar of flaming!
* * * LOW HITPOINT WARNING * * *
Erica burns you.
* * * LOW HITPOINT WARNING * * *
Erica casts a spell at you.
You are confused.
You are more confused.
You feel invigorated.
You feel sick.
Erica casts a spell.
Erica flickers and vanishes!
Deactivating autopickup; reactivate with Ctrl-A.
It was a potion of curing.
You feel better.
You feel less invigorated. Something hits you. Something burns you.
* * * LOW HITPOINT WARNING * * *
It was a potion of haste.
You feel yourself speed up. Something hits you but does no damage.
You puncture something! You closely miss something. Your kick misses something.
Your peck misses something.
You hear some strange, mumbled words.
A bolt of poison appears from out of thin air!
The bolt of poison hits you!!
You are poisoned.
You die...

..#..##.#.#
#####...######......
..........# #...#
##..... #######.###
#...# ##.## ######.#
#...# .# ##......#
#...# .# ...######
##.#.### ####
#######......#
#..........#.#
...(##@......#
#....{..........
#.....#.......###
#....##.......#
..... ........# ...(
###.#.#.## #.#
##...## #. #.##


There were no monsters in sight!

Vanquished Creatures
  Prince Ribbit (D:9)
  Sigmund (D:5)
  A wyvern (D:9)
  A wraith (D:9)
  Menkaure (D:5)
  2 steam dragons
  3 black bears
  A sky beast (D:8)
  3 orc warriors
  2 centaurs
  A kobold brigand (D:9)
  A phantom (D:7)
  2 bullfrogs
  6 scorpions
  12 wights
  6 killer bees (D:9)
  3 howler monkeys (D:7)
  A jelly (D:7)
  2 gnoll boudas
  3 hounds
  5 orc priests
  An iguana (D:7)
  Ijyb (D:3)
  9 orc wizards
  7 adders
  13 gnolls
  2 white imps
  2 worms
  2 dart slugs
  34 orcs
  6 bats
  6 endoplasms
  5 giant cockroaches
  14 goblins
  12 hobgoblins
  4 jackals (D:5)
  17 kobolds
  7 quokkas
  8 ball pythons
  5 frilled lizards
  2 rats (D:2)
215 creatures vanquished.

Vanquished Creatures (others)
  A hobgoblin (D:2)
1 creature vanquished.

Grand Total: 216 creatures vanquished

Notes
Turn   | Place    | Note
-------+----------+-------------------------------------------
     0 | D:1      | Aneyh the Tengu Monk began the quest for the Orb.
     0 | D:1      | Reached XP level 1. HP: 14/14 MP: 2/2
   168 | D:1      | Found Umohuplo's Antique Weapon Shoppe.
   174 | D:1      | Reached XP level 2. HP: 16/19 MP: 3/3
   198 | D:1      | Reached skill level 4 in Polearms
   399 | D:1      | Reached XP level 3. HP: 23/23 MP: 4/4
   481 | D:1      | Found a faded altar of an unknown god.
   796 | D:2      | Reached skill level 5 in Polearms
  1012 | D:2      | Reached XP level 4. HP: 28/28 MP: 5/5
  1645 | D:3      | Noticed Ijyb
  1696 | D:3      | Killed Ijyb
  1697 | D:3      | Reached skill level 6 in Polearms
  1697 | D:3      | Reached XP level 5. HP: 17/32 MP: 6/6
  2136 | D:4      | Found Limukus's Jewellery Shop.
  2159 | D:4      | Reached skill level 7 in Polearms
  2159 | D:4      | Reached XP level 6. HP: 37/37 MP: 7/7
  2259 | D:4      | Noticed a black bear
  2268 | D:4      | Killed a black bear
  2359 | D:4      | Reached skill level 8 in Polearms
  2491 | D:4      | Gained mutation: Your magical flight helps you evade
                  | attacks. (EV +4) [Tengu growth]
  2491 | D:4      | Reached XP level 7. HP: 22/41 MP: 8/8
  3074 | D:5      | Entered Level 5 of the Dungeon
  3081 | D:5      | Found Vorueq's Self-Improvement Boutique.
  3101 | D:5      | Noticed Sigmund
  3118 | D:5      | Killed Sigmund
  3119 | D:5      | Reached skill level 9 in Polearms
  3329 | D:5      | Found a blossoming altar of Fedhas.
  3542 | D:5      | Noticed Menkaure
  3551 | D:5      | Killed Menkaure
  3552 | D:5      | Reached skill level 10 in Polearms
  3684 | D:5      | Reached skill level 1 in Armour
  3684 | D:5      | Reached XP level 8. HP: 43/46 MP: 9/9
  4290 | D:6      | Found a basalt altar of Yredelemnul.
  4549 | D:6      | Found a staircase to the Ecumenical Temple.
  4561 | Temple   | Entered the Ecumenical Temple
  4966 | D:6      | Found an ancient bone altar of Kikubaaqudgha.
  4968 | D:6      | Found a shimmering altar of Xom.
  4970 | D:6      | Found a radiant altar of Vehumet.
  4972 | D:6      | Found a burning altar of Makhleb.
  4972 | D:6      | Found a bloodstained altar of Trog.
  4973 | D:6      | Found a sacrificial altar of Ru.
  4975 | D:6      | Found an iron altar of Okawaru.
  4976 | D:6      | Found a shimmering blue altar of Sif Muna.
  4977 | D:6      | Found a broken altar of Ashenzari.
  5273 | D:7      | Reached skill level 5 in Armour
  5275 | D:7      | Reached skill level 5 in Dodging
  5275 | D:7      | Reached XP level 9. HP: 47/53 MP: 10/10
  5339 | D:7      | Reached skill level 5 in Fighting
  6066 | D:8      | Found a staircase to the Lair.
  6480 | D:8      | Found a runed translucent gate.
  6481 | D:8      | Found a runed translucent gate.
  6482 | D:8      | Found a runed translucent gate.
  6483 | D:8      | Found an opulent altar of Gozag.
  6484 | D:8      | Noticed tizzy's ghost (novice DsFE)
  6485 | D:8      | Noticed a rime drake
  6487 | D:8      | a rime drake changed into a warg
  6641 | D:8      | Noticed a wind drake
  7059 | D:8      | Noticed a moth of wrath
  7131 | D:8      | Noticed a polar bear
  7159 | D:9      | Noticed Prince Ribbit
  7161 | D:9      | Killed Prince Ribbit
  7358 | D:9      | Reached XP level 10. HP: 33/61 MP: 11/11
  7467 | D:10     | Entered Level 10 of the Dungeon
  8002 | D:8      | Noticed a black mamba
  8012 | D:8      | a black mamba changed into a tarantella
  8665 | D:9      | Noticed Jeremiah
  9246 | D:10     | Noticed Erica
  9257 | D:10     | Killed from afar by Erica

Illustrated notes

Levels and vault maps discovered:
D:1:      dpeg_arrival_shelter, layout_rooms, serial_shops, shop_fountains,
          dilly_ecumenical_altar_fadedgnrine
D:2:      kennysheep_the_goblin_king, layout_basic, st_stairs_8,
          lemuel_flame_loot_1
D:3:      layout_basic, uniq_ijyb
D:4:      layout_basic, serial_corexii_hall, chequers_hall_statues_wall_a,
          chequers_hall_statues_y, chequers_hall_statues_y,
          corexii_hall_statues_l, serial_shops, shop, serial_park_tiny_pond
D:5:      layout_cave_pods, amcnicky_altar_gilded, nicolae_shop_self_help,
          uniq_sigmund, uniq_menkaure
D:6:      layout_loops_ring, kennysheep_little_box, minitemple,
          minmay_temple_entry_overgrown, serial_aquarium,
          aquarium_bridge_long_separate [aquarium_subvault_wall,
          aquarium_subvault_balcony, aquarium_subvault_bridge,
          aquarium_subvault_bridge, aquarium_subvault_window,
          aquarium_subvault_bridge], aquarium_bridge_square
          [aquarium_subvault_bridge, aquarium_subvault_bridge,
          aquarium_subvault_balcony, aquarium_subvault_bridge],
          aquarium_window_1, aquarium_window_2, aquarium_window_fake,
          aquarium_window_1, aquarium_view_2d, aquarium_view_2c
D:7:      layout_loops_cross, kennysheep_pointless_box
D:8:      layout_gridville, lair_entry_dummy, ebering_ghost_gozag,
          kennysheep_nondescript, grunt_ministairs_2, minivault_11
D:9:      layout_roguey, uniq_jeremiah, uniq_prince_ribbit1
D:10:     layout_loops_cross, nicolae_hepliaklqana_monster_ancestors,
          palyth_stone_intersect, uniq_erica
Temple:   jpeg_temple_alley_garden

Skill      XL: |  1  2  3  4  5  6  7  8  9 10 |
---------------+-------------------------------+-----
Polearms       | 4 5 6 7 8 10 | 10.0
Armour         | 1 5 6 |  6.7
Dodging        | 5 7 8 |  8.7
Fighting       | 4 6 8 |  8.0

Action                     |  1- 3 |  4- 6 |  7- 9 | 10-12 || total
---------------------------+-------+-------+-------+-------++-------
  Melee: Spear             |   100 |   191 |    81 |       ||   372
         Kick              |    18 |    57 |    80 |    17 ||   172
         Peck              |    14 |    33 |    47 |    10 ||   104
         Long sword        |       |    19 |       |       ||    19
         Punch             |       |     1 |     3 |       ||     4
         Trident           |       |       |   198 |    91 ||   289
  Throw: Javelin           |       |     9 |       |     1 ||    10
    Use: Scroll            |       |       |     5 |     4 ||     9
         Potion            |       |       |       |     3 ||     3
   Stab: Sleeping          |     5 |     2 |     1 |       ||     8
 Armour: Robe              |    35 |    32 |       |       ||    67
         Leather armour    |       |    38 |   123 |    47 ||   208
  Dodge: Dodged            |    53 |   111 |   242 |    73 ||   479

Table legend: (Time is in decaauts)
 A = Elapsed time spent in this place.
 B = Non-inter-level travel time spent in this place.
 C = Inter-level travel time spent in this place.
 D = Time resting spent in this place.
 E = Time spent auto-exploring this place.
 F = Levels seen in this place.
 G = Mean time per level.
                   A        B        C        D        E       F      G
               +--------+--------+--------+--------+--------+-----+--------+
         Total |   9260 |   8638 |    622 |   1397 |   5091 |  11 |  841.8 |
       Dungeon |   9171 |   8592 |    579 |   1397 |   5091 |  10 |  917.1 |
        Temple |     89 |     46 |     43 |      0 |      0 |   1 |   89.0 |
               +--------+--------+--------+--------+--------+-----+--------+

Top non-repeatable levels by time:
     D:9: 1140 daAuts
     D:6: 1089 daAuts
     D:5: 1058 daAuts
     D:4: 1055 daAuts
     D:7: 1050 daAuts
     D:8: 1016 daAuts
     D:2: 886 daAuts
    D:10: 672 daAuts
     D:3: 623 daAuts
     D:1: 576 daAuts
  Temple: 89 daAuts
